 Dungeon Crawl Stone Soup version 0.23.2-40-g277498a001 (webtiles) character file.

Game seed: 4134431566629374552

3008 AzimovGozag68 the Fighter (level 9, -19/111 HPs)
             Began as an Ogre Hunter on Oct 11, 2019.
             Was a Believer of Okawaru.
             Demolished by an orc warrior
             ... wielding a +2 scimitar of electrocution
              (21 damage)
             ... on level 7 of the Dungeon.
             The game lasted 01:00:08 (10835 turns).

AzimovGozag68 the Fighter (Ogre Hunter)            Turns: 10835, Time: 01:00:08

Health: -19/111    AC:  6    Str: 20    XL:     9   Next: 84%
Magic:  0/12       EV: 10    Int: 14    God:    Okawaru [**....]
Gold:   437        SH:  0    Dex: 12    Spells: 8/8 levels left

rFire    . . .     SeeInvis .   i - +4 quarterstaff (chaos)
rCold    + . .     Gourm    .   (shield currently unavailable)
rNeg     . . .     Faith    .   s - +2 robe {rC+}
rPois    .         Spirit   +   (helmet restricted)
rElec    .         Reflect  .   k - +0 cloak
rCorr    +         Harm     .   (gloves unavailable)
MR       .....                  (boots unavailable)
Stlth    ++........             x - amulet of guardian spirit
HPRegen  0.28/turn              a - +2 ring of strength
MPRegen  0.13/turn              y - ring of resist corrosion

@: lethally poisoned (-19 -> -20), about to teleport, flying
A: large, unfitting armour, hooves 1, clever 1, tough skin 1
a: Heroism, Renounce Religion


You were on level 7 of the Dungeon.
You worshipped Okawaru.
Okawaru was pleased with you.
You were not hungry.

You visited 1 branch of the dungeon, and saw 8 of its levels.

You collected 437 gold pieces.

Inventory:

Hand Weapons
 c - a +0 blowgun
 i - a +4 quarterstaff of chaos (weapon)
Missiles
 m - 17 poisoned needles
 t - 4 large rocks
 u - a throwing net
 A - 8 tomahawks (quivered)
Armour
 k - a +0 cloak (worn)
 s - a +2 robe of cold resistance (worn)
 B - a scarf of cloud immunity
Jewellery
 a - a +2 ring of strength (left hand)
 h - an uncursed ring of flight
 x - an amulet of guardian spirit (around neck)
 y - a ring of resist corrosion (right hand)
 E - a +3 ring of intelligence
Wands
 r - a wand of paralysis (9)
 v - a wand of polymorph (11)
Scrolls
 e - 2 scrolls of enchant weapon
 g - 5 scrolls of teleportation
 o - 2 scrolls of enchant armour
 p - 2 scrolls of magic mapping
 C - 2 scrolls of remove curse
Potions
 b - 2 potions of berserk rage {unknown}
 d - a potion of resistance {unknown}
 l - a potion of heal wounds
 n - a potion of lignification
 q - a potion of invisibility {unknown}
 w - 3 potions of brilliance
 z - a potion of ambrosia {unknown}
Comestibles
 f - 9 rations


   Skills:
 + Level 13.8 Fighting
 - Level 4.0 Throwing
 - Level 1.7 Dodging
 - Level 2.0 Stealth
 - Level 4.0 Invocations
 + Level 4.9 Evocations


You had 8 spell levels left.
You didn't know any spells.
Your spell library was empty.

Dungeon Overview and Level Annotations

Branches:
Dungeon (8/15)             Temple (0/1) D:5
   Lair: D:8-11

Altars:
Ashenzari
Dithmenos
Kikubaaqudgha
Okawaru
Sif Muna
Xom
Yredelemnul
The Shining One

Annotations:
D:4 2 transporters


Innate Abilities, Weirdness & Mutations

You are too large for most types of armour.
You have tough skin. (AC +1)
You have large cloven feet.
Your mind is acute. (Int +2)


Message History

You feel sick.
The orc warrior hits you with a +2 scimitar of electrocution!
* * * LOW HITPOINT WARNING * * *
The orc hits you.
* * * LOW HITPOINT WARNING * * *
The orc hits you but does no damage.
You climb upwards.
There is a stone staircase leading down, spattered with blood here.
You feel sick. The orc closely misses you.
It was a potion of flight.
You feel very buoyant.
You fly up into the air.
The orc warrior hits you with a +2 scimitar of electrocution.
* * * LOW HITPOINT WARNING * * *
You are electrocuted!
* * * LOW HITPOINT WARNING * * *
As you read the scroll of teleportation, it crumbles to dust.
You feel strangely unstable.
The orc warrior hits you with a +2 scimitar of electrocution!!
You die...

.# ##+## #.# .#
##...## #.#
.###.....## #.#
.##.......## ##.##
##....รท....####...##
.'.........'.......#
##.........####>oo##
##.......## ##o##
##.....## #@#
#####...##
##.########
#........####
#.........#
#.###..[....#
#.....###.# #.#
#..#.##.# #.###.# #.#
#.###..#.##>#
#.###.###.#
.........##.#
#.........#
#.##.....##.#
#####.#####
#........##.# #.#


You could see an orc warrior and 2 orcs.

Vanquished Creatures
  Prince Ribbit (D:7)
  Grinder (D:4)
  Duvessa (D:7)
  2 orc warriors
  An ice beast (D:7)
  A sky beast (D:5)
  3 ogres
  2 phantoms (D:4)
  A centaur (D:8)
  A bullfrog (D:6)
  Dowan (D:7)
  A water moccasin skeleton (D:7)
  4 killer bees (D:6)
  3 crimson imps
  4 howler monkeys
  A bullfrog zombie (D:5)
  4 jellies
  A hound (D:6)
  4 orc priests
  Crazy Yiuf (D:4)
  A bullfrog skeleton (D:7)
  7 orc wizards
  Ijyb (D:3)
  2 iguanas
  6 worker ants
  A hound zombie (D:6)
  A hound skeleton (D:4)
  A howler monkey zombie (D:6)
  8 adders
  11 oozes
  2 adder zombies
  An adder skeleton (D:4)
  A leopard gecko (D:5)
  30 orcs
  7 bats
  7 giant cockroaches
  6 goblins
  5 hobgoblins
  5 jackals
  10 kobolds
  6 quokkas
  9 frilled lizards
  A giant cockroach zombie (D:4)
  A goblin skeleton (D:4)
  2 hobgoblin zombies (D:4)
  A kobold skeleton (D:4)
  A kobold zombie (D:4)
  2 orc zombies (D:4)
  A quokka skeleton (D:4)
  A quokka zombie (D:7)
  10 rats
186 creatures vanquished.

Vanquished Creatures (others)
  An orc wizard (D:6)
  3 toadstools (D:3)
4 creatures vanquished.

Grand Total: 190 creatures vanquished

Notes
Turn   | Place    | Note
-------+----------+-------------------------------------------
     0 | D:1      | AzimovGozag68 the Ogre Hunter began the quest for the Orb.
     0 | D:1      | Reached XP level 1. HP: 22/22 MP: 1/1
   189 | D:1      | Reached skill level 3 in Fighting
   189 | D:1      | Reached skill level 1 in Stealth
   189 | D:1      | Reached XP level 2. HP: 31/31 MP: 2/2
   751 | D:1      | Reached XP level 3. HP: 34/39 MP: 3/3
  1297 | D:2      | Reached skill level 4 in Fighting
  2028 | D:2      | Found a shimmering altar of Xom.
  2405 | D:3      | Reached XP level 4. HP: 38/49 MP: 4/4
  2868 | D:3      | Reached skill level 5 in Fighting
  2939 | D:3      | Reached XP level 5. HP: 42/59 MP: 5/5
  2945 | D:3      | Reached skill level 6 in Fighting
  3605 | D:3      | Noticed Ijyb
  3610 | D:3      | Paralysed by Ijyb for 4 turns
  3615 | D:3      | Killed Ijyb
  3615 | D:3      | Reached skill level 7 in Fighting
  3967 | D:4      | Reached XP level 6. HP: 36/71 MP: 6/6
  4203 | D:4      | Found an ancient bone altar of Kikubaaqudgha.
  4302 | D:4      | Noticed a phantom
  4331 | D:4      | Killed a phantom
  4331 | D:4      | Reached skill level 8 in Fighting
  4412 | D:4      | Found a shattered altar of Ashenzari.
  4695 | D:4      | Found a glowing golden altar of the Shining One.
  4727 | D:4      | Reached skill level 9 in Fighting
  4727 | D:4      | Reached XP level 7. HP: 60/83 MP: 7/7
  5179 | D:4      | Noticed Grinder
  5208 | D:4      | Paralysed by Grinder for 3 turns
  5227 | D:4      | Killed Grinder
  5227 | D:4      | Reached skill level 10 in Fighting
  5282 | D:4      | Found a transporter.
  5282 | D:4      | Found a deep blue altar of Sif Muna.
  5289 | D:4      | Found a transporter.
  5329 | D:4      | Reached skill level 11 in Fighting
  5469 | D:3      | Reached XP level 8. HP: 53/97 MP: 8/8
  5727 | D:4      | Found a basalt altar of Yredelemnul.
  6202 | D:4      | Found a runed translucent door.
  6203 | D:4      | Noticed Crazy Yiuf
  6206 | D:4      | Gained mutation: You have large cloven feet. [potion of
                  | mutation]
  6206 | D:4      | Gained mutation: Your mind is acute. (Int +2) [potion of
                  | mutation]
  6214 | D:4      | Killed Crazy Yiuf
  6463 | D:5      | Entered Level 5 of the Dungeon
  6532 | D:5      | Found an iron altar of Okawaru.
  6538 | D:5      | Became a worshipper of Warmaster Okawaru
  6610 | D:5      | Found a shadowy altar of Dithmenos.
  6954 | D:5      | Reached skill level 12 in Fighting
  6954 | D:5      | Reached skill level 1 in Evocations
  7039 | D:5      | Found a staircase to the Ecumenical Temple.
  7789 | D:6      | Reached skill level 1 in Invocations
  7857 | D:6      | Reached * piety under Okawaru
  7990 | D:6      | Reached XP level 9. HP: 107/107 MP: 11/11
  9117 | D:7      | Reached ** piety under Okawaru
  9117 | D:7      | Reached skill level 13 in Fighting
  9401 | D:7      | Noticed Dowan
  9402 | D:7      | Noticed Duvessa
  9417 | D:7      | Killed Duvessa
  9425 | D:7      | Killed Dowan
 10410 | D:8      | Noticed Prince Ribbit
 10525 | D:7      | Killed Prince Ribbit
 10834 | D:7      | HP: 2/111 [orc warrior/+2 scimitar of electrocution (10)]
 10835 | D:7      | Demolished by an orc warrior

Skill      XL: |  1  2  3  4  5  6  7  8  9 |
---------------+----------------------------+-----
Fighting       | 3 4 5 7 9 11 12 13 | 13.8
Stealth        | 1 2 |  2.0
Evocations     | 2 4 |  4.9
Invocations    | 2 4 |  4.0
Throwing       | |  4.0
Dodging        | |  1.7

Action                   |  1- 3 |  4- 6 |  7- 9 || total
-------------------------+-------+-------+-------++-------
Melee: Short sword       |   174 |    93 |       ||   267
       Trident           |       |    88 |    68 ||   156
       Quarterstaff      |       |       |   165 ||   165
       Kick              |       |       |    48 ||    48
 Fire: Blowgun           |       |     9 |    62 ||    71
Throw: Large rock        |     7 |    14 |     5 ||    26
       Throwing net      |     1 |     3 |       ||     4
       Tomahawk          |       |    42 |    69 ||   111
Evoke: Wand              |       |       |     5 ||     5
  Use: Scroll            |     7 |     3 |     6 ||    16
       Potion            |       |       |     7 ||     7
 Stab: Sleeping          |     6 |       |     2 ||     8
       Paralysed         |       |       |     5 ||     5
       Distracted        |       |       |     1 ||     1
  Eat: Chunk             |     4 |     5 |    10 ||    19
       Ration            |       |     1 |     3 ||     4
Armor: Robe              |    86 |    76 |   102 ||   264
       Skin              |       |       |     3 ||     3
Dodge: Dodged            |   105 |   107 |   198 ||   410
